 Dungeon Crawl Stone Soup version 0.19-a0-1886-gd64a0f0 (webtiles) character file.

15 Amnesiac the Twirler (level 2, 0/22 HPs)
             Began as a Demonspawn Wanderer on Oct 16, 2016.
             Was an Initiate of Gozag.
             Slain by a leopard gecko (3 damage)
             ... on level 1 of the Dungeon.
             The game lasted 00:02:20 (1347 turns).

Amnesiac the Twirler (Demonspawn Wanderer)          Turns: 1347, Time: 00:02:21

Health: 0/22       AC:  2    Str: 11    XL:     2   Next: 34%
Magic:  2/2        EV: 11    Int: 12    God:    Gozag
Gold:   57         SH:  0    Dex: 14    Spells: 1 memorised, 0 levels left

rFire  . . .     SeeInvis .     c - +0 quarterstaff
rCold  . . .     Gourm    .     d - +0 robe
rNeg   . . .     Faith    .     (shield currently unavailable)
rPois  .         Spirit   .     (no helmet)
rElec  .         Dismiss  .     (no cloak)
rCorr  .         Reflect  .     (no gloves)
MR     .....     Harm     .     (no boots)
Stlth  +.........               (no amulet)
                                (no ring)
                                (no ring)

@: drained
A: claws 1
a: Potion Petition, Call Merchant, Bribe Branch, Renounce Religion


You were on level 1 of the Dungeon.
You worshipped Gozag.
Gozag was noncommittal.
You were very hungry.

You visited 1 branch of the dungeon, and saw 2 of its levels.

You collected 76 gold pieces.
You paid 19 gold pieces to Gozag.

Inventory:

Hand Weapons
 b - a +0 short sword
 c - a +0 quarterstaff (weapon)
Missiles
 j - 20 stones (quivered)
 l - 2 curare-tipped needles
Armour
 d - a +0 robe (worn)
Jewellery
 k - an uncursed ring of fire
 m - a cursed amulet of regeneration {unknown}
 n - an uncursed ring of poison resistance {unknown}
Scrolls
 e - a scroll of remove curse
 g - a scroll of identify {unknown}
 i - a scroll of noise {unknown}
Potions
 h - a potion of brilliance {unknown}
Books
 a - a book of Geomancy

   Spells                             Type                      Level
   a - Sandblast                      Earth                        1
   b - Passwall                       Transmutation/Earth          2
   c - Stone Arrow                    Conjuration/Earth            3
   d - Petrify                        Transmutation/Earth          4
   e - Lee's Rapid Deconstruction     Earth                        5
Comestibles
 f - a bread ration


   Skills:
 - Level 2.0(1.3) Fighting
 + Level 2.7(2.0) Staves
 - Level 1.0(0.3) Stealth
   Level 1.0(0.3) Shields
   Level 2.0(1.3) Conjurations
   Level 1.0(0.3) Transmutations
   Level 1.0(0.3) Evocations


You couldn't memorise any spells.
You knew the following spells:

 Your Spells              Type           Power        Failure   Level  Hunger
f - Sandblast             Erth           #.....       34%         1    ##.....


Dungeon Overview and Level Annotations

Branches:
Dungeon (2/15)

Altars:
Gozag
Nemelex Xobeh
Okawaru
Vehumet


Innate Abilities, Weirdness & Mutations

You have sharp fingernails.


Message History

The leopard gecko is moderately wounded.
The leopard gecko closely misses you. The leopard gecko bites you.
You miss the leopard gecko.
The leopard gecko is moderately wounded.
The leopard gecko bites you.
You closely miss the leopard gecko.
The leopard gecko is moderately wounded.
The leopard gecko bites you.
You barely miss the leopard gecko.
The leopard gecko is moderately wounded.
The leopard gecko barely misses you. The leopard gecko bites you.
* * * LOW HITPOINT WARNING * * *
You barely miss the leopard gecko.
The leopard gecko is moderately wounded.
The leopard gecko closely misses you.
You barely miss the leopard gecko. The leopard gecko bites you.
* * * LOW HITPOINT WARNING * * *
The leopard gecko bites you.
You die...
Your body crumbles into a pile of gold.

##...#####...#.............#.#...
#............#.##..........#.#.##
#+##........... #......>...#.#.##
..........##...##+###.....(#.#.##
........#......#...........#.....
.....#......#..#...........###.##
..##.####...#..#...............#
............'..#...............#
............##..@....##........#
............#####l#### ........#
............. '# ........#
..###......... .. ........# ###
#........ ... #.......# ##
#........ .... .# #........ .....
.####........ ......
.##.....#######


You could see a leopard gecko.

Vanquished Creatures
  A worm (D:2)
  A leopard gecko (D:1)
  2 giant cockroaches (D:1)
  A goblin (D:1)
  A hobgoblin (D:1)
  3 kobolds (D:1)
  A bat (D:1)
  A rat (D:1)
11 creatures vanquished.

Notes
Turn   | Place    | Note
-------+----------+-------------------------------------------
     0 | D:1      | Amnesiac the Demonspawn Wanderer began the quest for the Orb.
     0 | D:1      | Amnesiac set off with: a book of Geomancy, a +0 short sword, a +0 quarterstaff, a +0 robe, a bread ration
     0 | D:1      | Reached XP level 1. HP: 16/16 MP: 1/1
   466 | D:2      | Found an iron altar of Okawaru.
   472 | D:2      | Found a radiant altar of Vehumet.
   472 | D:2      | Found a sparkling altar of Nemelex Xobeh.
   473 | D:2      | Found an opulent altar of Gozag.
   728 | D:2      | Became a worshipper of Gozag Ym Sagoz the Greedy
   736 | D:2      | Gained mutation: You have sharp fingernails. [demonic ancestry]
   736 | D:2      | Reached XP level 2. HP: 3/22 MP: 2/2
   754 | D:2      | Learned a level 1 spell: Sandblast
  1347 | D:1      | Slain by a leopard gecko

Vault maps used:
D:1:      minmay_arrival_stair_chambers, serial_glass, glass_columns_a,
          glass_columns_a
D:2:      chequers_temple_overflow_statue_of_worship

Skill      XL: |  1 |
---------------+----+-----
Staves         | 2 |  2.7
Fighting       | |  2.0
Stealth        | |  1.0
Shields        | |  1.0
Conjurations   | |  2.0
Transmutations | |  1.0
Evocations     | |  1.0

Action                   || total
-------------------------++-------
Melee: Quarterstaff      ||    54
  Use: Scroll            ||     2
 Stab: Sleeping          ||     1
Armor: Robe              ||    15
Dodge: Dodged            ||    46
